SA
LOUISIANA DRAGOONS @ CHICAGO TULA
09/04/2026
 
TOP OF THE 1ST
Louisiana Dragoons batting - Pitching for Chicago Tula : LHP Javier Romero
Pitching: LHP Javier Romero
Batting: RHB Kevin Johnson 0-0: Ball
1-0: Ball
2-0: Fly out, F6 (Popup, 56D)
Batting: RHB Jeremy Boyter 0-0: Called Strike
0-1: Called Strike
0-2: Foul Ball, location: 2F
0-2: Ball
1-2: Strikes out swinging
Batting: RHB Scott Robertson 0-0: Ball
1-0: Called Strike
1-1: Ball
2-1: Foul Ball, location: 2F
2-2: Strikes out swinging
Top of the 1st over - 0 run(s), 0 hit(s), 0 error(s), 0 left on base; Louisiana 0 - Chicago 0
BOTTOM OF THE 1ST
Chicago Tula batting - Pitching for Louisiana Dragoons : LHP Andrew Holloway
Pitching: LHP Andrew Holloway
Batting: RHB Zahid Kashani 0-0: Called Strike
0-1: Called Strike
0-2: Ball
1-2: Fly out, F7 (Flyball, 7)
Batting: RHB Micheal Lovell 0-0: Ball
1-0: Ground out 5-3 (Groundball, 5S)
Batting: RHB Marcos Alfaro 0-0: Called Strike
0-1: Ball
1-1: Foul Ball, location: 2F
1-2: Ball
2-2: Ball
3-2: Ground out 6-3 (Groundball, 6M)
Bottom of the 1st over - 0 run(s), 0 hit(s), 0 error(s), 0 left on base; Louisiana 0 - Chicago 0
TOP OF THE 2ND
Louisiana Dragoons batting - Pitching for Chicago Tula : LHP Javier Romero
Batting: SHB Eduardo Pampin 0-0: Called Strike
0-1: Ball
1-1: Ball
2-1: Fly out, F7 (Line Drive, 7)
Batting: RHB Giuseppe Provolone 0-0: Ball
1-0: Called Strike
1-1: SINGLE (Groundball, 34D)
Batting: RHB Domingo Colón 0-0: Ball
1-0: Called Strike
1-1: Ball
2-1: DOUBLE (Line Drive, 7LM)
Giuseppe Provolone to third
Batting: RHB José Ortíz 0-0: Ball
1-0: Foul Ball, location: 2F
1-1: Foul Ball, location: 2F
1-2: SINGLE (Groundball, 6MD)
Giuseppe Provolone scores
Domingo Colón to third
Runner from 3rd tries for Home, SAFE, throw made home
Batting: RHB Emmanuele Lucchetti 0-0: Ball
1-0: Ball
2-0: Ball
3-0: Base on Balls
José Ortíz to second
Batting: RHB José Luque 0-0: Called Strike
0-1: Fly out, F9 (Flyball, 89M)
Batting: RHB Kevin Johnson 0-0: Ball
1-0: Foul Ball, location: 2F
1-1: Foul Ball, location: 2F
1-2: Ball
2-2: Strikes out swinging
Top of the 2nd over - 2 run(s), 3 hit(s), 0 error(s), 2 left on base; Louisiana 2 - Chicago 0
BOTTOM OF THE 2ND
Chicago Tula batting - Pitching for Louisiana Dragoons : LHP Andrew Holloway
Batting: LHB Dana Waldrip 0-0: Swinging Strike
0-1: Ball
1-1: Swinging Strike
1-2: Ball
2-2: Foul Ball, location: 2F
2-2: Foul Ball, location: 2F
2-2: Foul Ball, location: 2F
2-2: Ground out 4-3 (Groundball, 4MS)
Batting: SHB Eustacio Tafalla 0-0: Ground out 5-3 (Groundball, 5S)
Batting: RHB José Palácios 0-0: Foul Ball, location: 2F
0-1: Called Strike
0-2: Ball
1-2: Ball
2-2: Strikes out looking
Bottom of the 2nd over - 0 run(s), 0 hit(s), 0 error(s), 0 left on base; Louisiana 2 - Chicago 0
TOP OF THE 3RD
Louisiana Dragoons batting - Pitching for Chicago Tula : LHP Javier Romero
Batting: RHB Jeremy Boyter 0-0: Ball
1-0: Swinging Strike
1-1: Called Strike
1-2: Strikes out swinging
Batting: RHB Scott Robertson 0-0: Swinging Strike
0-1: Ball
1-1: Called Strike
1-2: Strikes out swinging
Batting: SHB Eduardo Pampin 0-0: SINGLE (Flyball, 8RS)
Batting: RHB Giuseppe Provolone 0-0: Swinging Strike
0-1: Called Strike
0-2: Foul Ball, location: 2F
0-2: Ball
1-2: Ball
2-2: Strikes out swinging
Top of the 3rd over - 0 run(s), 1 hit(s), 0 error(s), 1 left on base; Louisiana 2 - Chicago 0
BOTTOM OF THE 3RD
Chicago Tula batting - Pitching for Louisiana Dragoons : LHP Andrew Holloway
Batting: RHB Arturo Scantlebury 0-0: Foul Ball, location: 2F
0-1: Swinging Strike
0-2: Ball
1-2: Fly out, F8 (Flyball, 8LD)
Batting: RHB Alfonso Morín 0-0: Fly out, F8 (Flyball, 78D)
Batting: RHB Howard Ickes 0-0: Ball
1-0: Called Strike
1-1: Swinging Strike
1-2: Foul Ball, location: 2F
1-2: Ball
2-2: Ground out 6-3 (Groundball, 6)
Bottom of the 3rd over - 0 run(s), 0 hit(s), 0 error(s), 0 left on base; Louisiana 2 - Chicago 0
TOP OF THE 4TH
Louisiana Dragoons batting - Pitching for Chicago Tula : LHP Javier Romero
Batting: RHB Domingo Colón 0-0: Called Strike
0-1: Ball
1-1: SINGLE (Line Drive, 56D)
Batting: RHB José Ortíz 0-0: Called Strike
0-1: Ball
1-1: Foul Ball, location: 2F
1-2: Fly out, F9 (Flyball, 9LSF)
Batting: RHB Emmanuele Lucchetti 0-0: Ball
1-0: Fly out, F7 (Flyball, 7)
Batting: RHB José Luque 0-0: Ball
1-0: Ball
2-0: Fly out, F8 (Line Drive, 78M)
Top of the 4th over - 0 run(s), 1 hit(s), 0 error(s), 1 left on base; Louisiana 2 - Chicago 0
BOTTOM OF THE 4TH
Chicago Tula batting - Pitching for Louisiana Dragoons : LHP Andrew Holloway
Batting: RHB Zahid Kashani 0-0: Ball
1-0: SINGLE (Line Drive, 8RS)
Batting: RHB Micheal Lovell 0-0: Called Strike
0-1: Called Strike
0-2: Hit by Pitch
Zahid Kashani to second
Batting: RHB Marcos Alfaro 0-0: Called Strike
0-1: Ball
1-1: Ball
2-1: Called Strike
2-2: Ball
3-2: Foul Ball, location: 2F
3-2: Grounds into double play, 5-4-3 (Groundball, 56)
Zahid Kashani to third
Batting: LHB Dana Waldrip 0-0: Called Strike
0-1: Called Strike
0-2: Foul Ball, location: 2F
0-2: Ball
1-2: Strikes out swinging
Bottom of the 4th over - 0 run(s), 1 hit(s), 0 error(s), 1 left on base; Louisiana 2 - Chicago 0
TOP OF THE 5TH
Louisiana Dragoons batting - Pitching for Chicago Tula : LHP Javier Romero
Batting: RHB Kevin Johnson 0-0: Called Strike
0-1: Swinging Strike
0-2: Foul Ball, location: 2F
0-2: Ball
1-2: Foul Ball, location: 2F
1-2: Ball
2-2: Strikes out swinging
Batting: RHB Jeremy Boyter 0-0: Ball
1-0: Ball
2-0: Foul Ball, location: 2F
2-1: Ball
3-1: Foul Ball, location: 2F
3-2: Base on Balls
Batting: RHB Scott Robertson 0-0: Foul Ball, location: 2F
0-1: Ball
1-1: Foul Ball, location: 2F
1-2: Ball
2-2: Ball
3-2: Ground out 4-3 (Groundball, 4S)
Jeremy Boyter to second
Batting: SHB Eduardo Pampin 0-0: Foul Ball, location: 2F
0-1: Fly out, F4 (Popup, 4D)
Top of the 5th over - 0 run(s), 0 hit(s), 0 error(s), 1 left on base; Louisiana 2 - Chicago 0
BOTTOM OF THE 5TH
Chicago Tula batting - Pitching for Louisiana Dragoons : LHP Andrew Holloway
Batting: SHB Eustacio Tafalla 0-0: Ball
1-0: Fly out, F8 (Flyball, 8LM)
Batting: RHB José Palácios 0-0: Swinging Strike
0-1: Ball
1-1: Ball
2-1: Ground out 4-3 (Groundball, 4)
Batting: RHB Arturo Scantlebury 0-0: Called Strike
0-1: SINGLE (Groundball, 56D)
Batting: RHB Alfonso Morín 0-0: Called Strike
0-1: Ball
1-1: Ball
Wild Pitch!
Arturo Scantlebury to second
2-1: Foul Ball, location: 2F
2-2: Foul Ball, location: 2F
2-2: Strikes out looking
Bottom of the 5th over - 0 run(s), 1 hit(s), 0 error(s), 1 left on base; Louisiana 2 - Chicago 0
TOP OF THE 6TH
Louisiana Dragoons batting - Pitching for Chicago Tula : LHP Javier Romero
Batting: RHB Giuseppe Provolone 0-0: Swinging Strike
0-1: Foul Ball, location: 2F
0-2: Strikes out swinging
Batting: RHB Domingo Colón 0-0: SINGLE (Line Drive, 7S)
Batting: RHB José Ortíz 0-0: Foul Ball, location: 2F
0-1: Ball
1-1: SINGLE (Groundball, 34S) (infield hit)
Domingo Colón to second
Batting: RHB Emmanuele Lucchetti 0-0: Foul Ball, location: 2F
0-1: Ball
1-1: SINGLE (Flyball, 9LS)
Domingo Colón to third
José Ortíz to second
Runner from 3rd tries for Home, SAFE, no throw
Batting: RHB José Luque 0-0: Ball
1-0: Foul Ball, location: 2F
1-1: Foul Ball, location: 2F
1-2: Foul Ball, location: 2F
1-2: Ball
2-2: SINGLE (Line Drive, 6D)
José Ortíz to third
Emmanuele Lucchetti to second
Pitching: LHP Marcos Beringel
Batting: RHB Kevin Johnson 0-0: Ball
1-0: Ball
2-0: Ball
3-0: Base on Balls
José Ortíz scores
Emmanuele Lucchetti to third
José Luque to second
Batting: RHB Jeremy Boyter 0-0: Called Strike
0-1: SINGLE (Groundball, 4D)
Emmanuele Lucchetti scores
José Luque to third
Kevin Johnson to second
Runner from 3rd tries for Home, SAFE, throw made home
Kevin Johnson to third
Jeremy Boyter to second
Batting: RHB Scott Robertson 0-0: Foul Ball, location: 2F
0-1: Swinging Strike
0-2: Ball
1-2: Ball
2-2: Ball
3-2: Strikes out looking
Batting: SHB Eduardo Pampin 0-0: Called Strike
0-1: Ball
1-1: Ball
2-1: Foul Ball, location: 2F
2-2: Foul Ball, location: 2F
2-2: Fly out, F7 (Flyball, 7)
Top of the 6th over - 4 run(s), 5 hit(s), 0 error(s), 2 left on base; Louisiana 6 - Chicago 0
BOTTOM OF THE 6TH
Chicago Tula batting - Pitching for Louisiana Dragoons : LHP Andrew Holloway
Batting: RHB Howard Ickes 0-0: Swinging Strike
0-1: Ball
1-1: Ball
2-1: Foul Ball, location: 2F
2-2: Foul Ball, location: 2F
2-2: Foul Ball, location: 2F
2-2: Strikes out swinging
Batting: RHB Zahid Kashani 0-0: Fly out, F7 (Flyball, 7)
Batting: RHB Micheal Lovell 0-0: Ball
1-0: Ground out 1-3 (Groundball, P)
Bottom of the 6th over - 0 run(s), 0 hit(s), 0 error(s), 0 left on base; Louisiana 6 - Chicago 0
TOP OF THE 7TH
Louisiana Dragoons batting - Pitching for Chicago Tula : LHP Marcos Beringel
Batting: RHB Giuseppe Provolone 0-0: Foul Ball, location: 2F
0-1: Ball
1-1: Foul Ball, location: 2F
1-2: Ball
2-2: Foul Ball, location: 2F
2-2: Strikes out swinging
Batting: RHB Domingo Colón 0-0: Called Strike
0-1: Ball
1-1: Called Strike
1-2: Strikes out looking
Batting: RHB José Ortíz 0-0: Called Strike
0-1: Ball
1-1: SINGLE (Groundball, 6MD)
Batting: RHB Emmanuele Lucchetti 0-0: Ball
1-0: Ball
2-0: Fly out, F9 (Flyball, 9LSF)
Top of the 7th over - 0 run(s), 1 hit(s), 0 error(s), 1 left on base; Louisiana 6 - Chicago 0
BOTTOM OF THE 7TH
Chicago Tula batting - Pitching for Louisiana Dragoons : LHP Andrew Holloway
Batting: RHB Marcos Alfaro 0-0: Ball
1-0: DOUBLE (Groundball, 5L)
Batting: LHB Dana Waldrip 0-0: SINGLE (Flyball, 9LM)
Marcos Alfaro to third
Batting: SHB Eustacio Tafalla 0-0: Foul Ball, location: 2F
0-1: Called Strike
0-2: Strikes out looking
Batting: RHB José Palácios 0-0: Ball
1-0: Called Strike
1-1: Ball
2-1: Called Strike
2-2: Foul Ball, location: 2F
2-2: Strikes out swinging
Pitching: RHP Ángel Gómez
Batting: RHB Arturo Scantlebury 0-0: Called Strike
0-1: Ball
1-1: Swinging Strike
1-2: Foul Ball, location: 2F
1-2: Strikes out swinging
Bottom of the 7th over - 0 run(s), 2 hit(s), 0 error(s), 2 left on base; Louisiana 6 - Chicago 0
TOP OF THE 8TH
Louisiana Dragoons batting - Pitching for Chicago Tula : LHP Marcos Beringel
Batting: RHB José Luque 0-0: Ball
1-0: Swinging Strike
1-1: Foul Ball, location: 2F
1-2: Foul Ball, location: 2F
1-2: Strikes out swinging
Batting: RHB Kevin Johnson 0-0: Fly out, F9 (Flyball, 9)
Batting: RHB Jeremy Boyter 0-0: Ball
1-0: Ball
2-0: Called Strike
2-1: Swinging Strike
2-2: Strikes out swinging
Top of the 8th over - 0 run(s), 0 hit(s), 0 error(s), 0 left on base; Louisiana 6 - Chicago 0
BOTTOM OF THE 8TH
Chicago Tula batting - Pitching for Louisiana Dragoons : RHP Ángel Gómez
Batting: RHB Alfonso Morín 0-0: Foul Ball, location: 2F
0-1: Ball
1-1: Called Strike
1-2: Strikes out looking
Batting: RHB Howard Ickes 0-0: Ball
1-0: SINGLE (Flyball, 78S)
Batting: RHB Zahid Kashani 0-0: Ball
1-0: Foul Ball, location: 2F
1-1: Swinging Strike
1-2: Strikes out swinging
Batting: RHB Micheal Lovell 0-0: Swinging Strike
0-1: Swinging Strike
0-2: Ball
1-2: Strikes out swinging
Bottom of the 8th over - 0 run(s), 1 hit(s), 0 error(s), 1 left on base; Louisiana 6 - Chicago 0
TOP OF THE 9TH
Louisiana Dragoons batting - Pitching for Chicago Tula : LHP Marcos Beringel
Batting: RHB Scott Robertson 0-0: Ball
1-0: Fly out, F8 (Flyball, 8LM)
Batting: SHB Eduardo Pampin 0-0: Ball
1-0: Ball
2-0: Called Strike
2-1: Ball
3-1: Base on Balls
Pitching: LHP Rubén Campo
Batting: RHB Giuseppe Provolone 0-0: Swinging Strike
0-1: Foul Ball, location: 2F
0-2: Foul Ball, location: 2F
0-2: Ball
1-2: Ball
2-2: Strikes out swinging
Batting: RHB Domingo Colón 0-0: Ball
1-0: Swinging Strike
1-1: Foul Ball, location: 2F
1-2: Foul Ball, location: 2F
1-2: Fly out, F8 (Flyball, 8RM)
Top of the 9th over - 0 run(s), 0 hit(s), 0 error(s), 1 left on base; Louisiana 6 - Chicago 0
BOTTOM OF THE 9TH
Chicago Tula batting - Pitching for Louisiana Dragoons : RHP Ángel Gómez
Now at 1B: Miklas Boerboom
Now at 2B: Armando Carmona
Batting: RHB Marcos Alfaro 0-0: Ball
1-0: Ball
2-0: Ball
3-0: Called Strike
3-1: Base on Balls
Batting: LHB Dana Waldrip 0-0: Fly out, F7 (Flyball, 7)
Batting: SHB Eustacio Tafalla 0-0: Foul Ball, location: 2F
0-1: Swinging Strike
0-2: Strikes out looking
Batting: RHB José Palácios 0-0: Ball
1-0: Ball
2-0: Ball
3-0: Base on Balls
Marcos Alfaro to second
Batting: RHB Arturo Scantlebury 0-0: Called Strike
0-1: Foul Ball, location: 2F
0-2: Fly out, F7 (Flyball, 7S)
Bottom of the 9th over - 0 run(s), 0 hit(s), 0 error(s), 2 left on base; Louisiana 6 - Chicago 0
Monday, March 20th, 2017 - OOTP Baseball 17.12 Build 75